 Dungeon Crawl Stone Soup version 0.25-a0-460-g4f2eb97ec1 (webtiles) character file.

Game seed: 5195873271113322096, levelgen mode: deterministic

202 ReteAZ the Grappler (level 5, -1/41 HPs)
             Began as a Gnoll Wanderer on Feb 3, 2020.
             Slain by an orc
             ... wielding a +0 flail
              (8 damage)
             ... on level 4 of the Dungeon.
             The game lasted 00:03:17 (2919 turns).

ReteAZ the Grappler (Gnoll Wanderer)                Turns: 2919, Time: 00:03:17

Health: -1/41      AC:  6    Str: 16    XL:     5   Next: 80%
Magic:  7/7        EV: 11    Int: 13    God:
Gold:   129        SH:  0    Dex: 15    Spells: 7/7 levels left

rFire    . . .     SeeInvis .     - Unarmed
rCold    . . .     Gourm    .   (no shield)
rNeg     . . .     Faith    .   o - +0 ring mail
rPois    +         Spirit   .   (no helmet)
rElec    .         Reflect  .   r - +0 cloak
rCorr    .         Harm     .   (no gloves)
MR       .....                  (no boots)
Stlth    +++.......             (no amulet)
HPRegen  0.13/turn              u - ring of poison resistance
MPRegen  0.10/turn              x - ring of stealth

@: no status effects
A: distributed training, fangs 1, strong nose
a: no special abilities


You were on level 4 of the Dungeon.
You were not hungry.

You visited 1 branch of the dungeon, and saw 4 of its levels.

You collected 129 gold pieces.

Inventory:

Hand Weapons
 a - a +0 dagger
Missiles
 g - 6 silver boomerangs (quivered)
 t - a throwing net
Armour
 d - a +0 robe
 o - a +0 ring mail (worn)
 r - a +0 cloak (worn)
Jewellery
 k - an uncursed ring of wizardry
 u - a ring of poison resistance (left hand)
 v - an uncursed ring of see invisible
 x - a ring of stealth (right hand)
Scrolls
 b - 3 scrolls of teleportation
 e - 2 scrolls of fear
 h - 3 scrolls of fog
 j - 5 scrolls of remove curse
 m - 3 scrolls of identify {unknown}
 n - a scroll of magic mapping {unknown}
 p - 3 scrolls of amnesia {unknown}
 y - a scroll of immolation {unknown}
Potions
 c - 3 potions of curing
 i - a potion of magic {unknown}
 l - a potion of resistance {unknown}
 q - a potion of agility {unknown}
 s - a potion of degeneration {unknown}
 w - a potion of flight {unknown}
Comestibles
 f - 7 rations
 z - 5 chunks of flesh


   Skills:
 + Level 3.0 Fighting
 + Level 1.6 Short Blades
 + Level 1.6 Long Blades
 + Level 1.6 Axes
 + Level 1.6 Maces & Flails
 + Level 1.6 Polearms
 + Level 1.6 Staves
 + Level 1.6 Slings
 + Level 1.6 Bows
 + Level 1.6 Crossbows
 + Level 1.6 Throwing
 + Level 1.6 Armour
 + Level 1.6 Dodging
 + Level 2.8 Stealth
 + Level 3.0 Shields
 + Level 12.1 Unarmed Combat
 + Level 1.6 Spellcasting
 + Level 1.2 Conjurations
 + Level 1.2 Hexes
 + Level 1.2 Charms
 + Level 1.2 Summonings
 + Level 1.2 Necromancy
 + Level 1.2 Translocations
 + Level 1.2 Transmutations
 + Level 1.2 Fire Magic
 + Level 1.2 Ice Magic
 + Level 1.2 Air Magic
 + Level 1.2 Earth Magic
 + Level 1.2 Poison Magic
 + Level 1.8 Invocations
 + Level 3.0 Evocations


You had 7 spell levels left.
You didn't know any spells.
Your spell library was empty.

Dungeon Overview and Level Annotations

Branches:
Dungeon (4/15)
 Temple: D:4-7

Altars:
The Shining One


Innate Abilities, Weirdness & Mutations

Your experience applies equally to all skills.
You have very sharp teeth.
Your uncanny sense of smell can sniff out nearby items.


Message History

The orc priest hits you from afar with a +0 trident.
You closely miss the orc priest.
The orc priest is heavily wounded.
The adder bites you.
The orc priest hits you but does no damage.
The orc hits you with a +0 flail.
* * * LOW HITPOINT WARNING * * *
The orc wizard hits you but does no damage.
You punch the orc priest!
You kill the orc priest!
The adder bites you.
* * * LOW HITPOINT WARNING * * *
The orc priest closely misses you.
You punch the worker ant!
The worker ant is severely wounded.
The adder bites you.
* * * LOW HITPOINT WARNING * * *
The worker ant misses you. The orc wizard barely misses you.
The orc hits you with a +0 flail!
You die...

..(. #...# #. ..
#.#####.. ##.
#######........
###..#####.......#####.#
#..........##....#
..#..<..## ##.####
.........###..#
......a..$...##
...<.oo@...###
......oS..## ..........#
∆ ............
..........#.. ∆
.........###...
.##.....##∆ #.. ###....
..


You could see a worker ant, an orc priest, an orc wizard, an adder and an orc.

Vanquished Creatures
  A scorpion (D:2)
  An orc priest (D:4)
  3 gnolls (D:3)
  An adder (D:3)
  2 river rats (D:3)
  A worm (D:3)
  2 leopard geckos (D:1)
  3 giant cockroaches
  9 goblins
  5 hobgoblins
  10 jackals
  2 quokkas
  2 ball pythons
  7 bats
  3 frilled lizards
  8 kobolds
  8 rats
68 creatures vanquished.

Notes
Turn   | Place    | Note
-------+----------+-------------------------------------------
     0 | D:1      | Reached skill level 12 in Unarmed Combat
     0 | D:1      | ReteAZ the Gnoll Wanderer began the quest for the Orb.
     0 | D:1      | ReteAZ set off with the following items: a +0 dagger, a
                  | scroll of teleportation, a potion of curing, a +0 robe, 2
                  | scrolls of fear, a ration
     0 | D:1      | Reached XP level 1. HP: 17/17 MP: 2/2
   145 | D:1      | Reached XP level 2. HP: 12/23 MP: 3/3
   790 | D:1      | Reached XP level 3. HP: 25/28 MP: 4/4
  1384 | D:2      | Reached skill level 1 in Invocations
  1538 | D:2      | Noticed a scorpion
  1544 | D:2      | Killed a scorpion
  1544 | D:2      | Reached skill level 1 in Short Blades
  1544 | D:2      | Reached skill level 1 in Long Blades
  1544 | D:2      | Reached skill level 1 in Axes
  1544 | D:2      | Reached skill level 1 in Maces & Flails
  1544 | D:2      | Reached skill level 1 in Polearms
  1544 | D:2      | Reached skill level 1 in Staves
  1544 | D:2      | Reached skill level 1 in Slings
  1544 | D:2      | Reached skill level 1 in Bows
  1544 | D:2      | Reached skill level 1 in Crossbows
  1544 | D:2      | Reached skill level 1 in Throwing
  1544 | D:2      | Reached skill level 1 in Armour
  1544 | D:2      | Reached skill level 1 in Dodging
  1544 | D:2      | Reached skill level 1 in Spellcasting
  1544 | D:2      | Reached XP level 4. HP: 30/34 MP: 4/6
  1805 | D:2      | Reached skill level 1 in Conjurations
  1805 | D:2      | Reached skill level 1 in Hexes
  1805 | D:2      | Reached skill level 1 in Charms
  1805 | D:2      | Reached skill level 1 in Summonings
  1805 | D:2      | Reached skill level 1 in Necromancy
  1805 | D:2      | Reached skill level 1 in Translocations
  1805 | D:2      | Reached skill level 1 in Transmutations
  1805 | D:2      | Reached skill level 1 in Fire Magic
  1805 | D:2      | Reached skill level 1 in Ice Magic
  1805 | D:2      | Reached skill level 1 in Air Magic
  1805 | D:2      | Reached skill level 1 in Earth Magic
  1805 | D:2      | Reached skill level 1 in Poison Magic
  1982 | D:2      | Found a glowing golden altar of the Shining One.
  2348 | D:3      | Reached XP level 5. HP: 40/40 MP: 7/7
  2919 | D:4      | Slain by an orc

Levels and vault maps discovered:
D:1:      nzn_arrival_crosshair, layout_rooms, serial_aquarium,
          aquarium_bridge_square [aquarium_subvault_bridge,
          aquarium_subvault_bridge, aquarium_subvault_wall,
          aquarium_subvault_wall], aquarium_bridge_square
          [aquarium_subvault_bridge, aquarium_subvault_window,
          aquarium_subvault_wall, aquarium_subvault_bridge],
          aquarium_window_fake, aquarium_window_2, aquarium_window_corner,
          aquarium_window_double, aquarium_view_2d, aquarium_balcony_1b,
          aquarium_pool_split
D:2:      layout_loops_ring, tso_altar, chequers_serial_rivers_large_a
D:3:      layout_loops_ring, portal_sewer_entry_b
D:4:      layout_rooms, first_ration, serial_shops, kennysheep_mini,
          minmay_fractal_squares_gapless_5

Skill      XL: |  1  2  3  4  5 |
---------------+----------------+-----
Unarmed Combat | | 12.1
Invocations    | 1 |  1.8
Short Blades   | 1 |  1.6
Long Blades    | 1 |  1.6
Axes           | 1 |  1.6
Maces & Flails | 1 |  1.6
Polearms       | 1 |  1.6
Staves         | 1 |  1.6
Slings         | 1 |  1.6
Bows           | 1 |  1.6
Crossbows      | 1 |  1.6
Throwing       | 1 |  1.6
Armour         | 1 |  1.6
Dodging        | 1 |  1.6
Spellcasting   | 1 |  1.6
Conjurations   | 1 |  1.2
Hexes          | 1 |  1.2
Charms         | 1 |  1.2
Summonings     | 1 |  1.2
Necromancy     | 1 |  1.2
Translocations | 1 |  1.2
Transmutations | 1 |  1.2
Fire Magic     | 1 |  1.2
Ice Magic      | 1 |  1.2
Air Magic      | 1 |  1.2
Earth Magic    | 1 |  1.2
Poison Magic   | 1 |  1.2
Fighting       | 3 |  3.0
Shields        | 3 |  3.0
Evocations     | 3 |  3.0
Stealth        | |  2.8

Action                   |  1- 3 |  4- 6 || total
-------------------------+-------+-------++-------
Melee: Unarmed           |    90 |    77 ||   167
       Bite              |     9 |     8 ||    17
       Punch             |     2 |     1 ||     3
  Use: Scroll            |       |     2 ||     2
 Stab: Sleeping          |     2 |     2 ||     4
       Distracted        |     1 |     1 ||     2
  Eat: Chunk             |     2 |     4 ||     6
Armor: Robe              |    11 |       ||    11
       Ring mail         |    12 |    17 ||    29
Dodge: Dodged            |    47 |    48 ||    95

Table legend:
 A = Non-vault XP
 B = Vault XP
 C = Vault XP percentage of total XP
 D = Non-vault monster count
 E = Vault monster count
 F = Vault count percentage of total count
                 A         B        C        D         E       F
            +---------+---------+-------+---------+---------+-------
      Total |     259 |      30 |  10.4 |      63 |       5 |   7.4
            +---------+---------+-------+---------+---------+-------
        D:1 |      54 |       0 |   0.0 |      31 |       0 |   0.0
        D:2 |      86 |       0 |   0.0 |      15 |       0 |   0.0
        D:3 |      79 |      30 |  27.5 |      16 |       5 |  23.8
        D:4 |      40 |       0 |   0.0 |       1 |       0 |   0.0
            +---------+---------+-------+---------+---------+-------
